 Dungeon Crawl Stone Soup version 0.31.0-12-g77e489cdc1 (webtiles) character file.

Game seed: 7321684577052248411

52712 dirge the Unseen (level 15, -2/145 HPs)
             Began as a Kobold Berserker on Feb 27, 2024.
             Was a High Priest of Trog.
             Slain by a soul eater (10 damage)
             ... summoned by an orc high priest
             ... on level 2 of the Orcish Mines.
             The game lasted 01:20:35 (24729 turns).

dirge the Unseen (Kobold Berserker)                Turns: 24729, Time: 01:20:36

Health: -2/145     AC: 11    Str: 20    XL:     15   Next: 7%
Magic:  15/15      EV: 26    Int:  8    God:    Trog [*****.]
Gold:   1605       SH:  0    Dex: 17    Spells: 14/14 levels left

rFire   . . .        Q - +1 scimitar (flame)
rCold   . . .        (no shield)
rNeg    . . .        v - +1 steam dragon scales
rPois   .            n - +0 helmet
rElec   .            p - +0 cloak
rCorr   .            (no gloves)
SInv    .            x - +1 pair of boots
Will    +....        (no amulet) Stlth
                     (no ring)
HPRegen 0.44/turn    (no ring)
MPRegen 0.14/turn

%: no passive effects
@: berserking (expiring), very quick
A: small, no large weapons, nightstalker 3
a: Renounce Religion, Berserk, Trog's Hand, Brothers in Arms


You were on level 2 of the Orcish Mines.
You worshipped Trog.
Trog was extremely pleased with you.
You visited 3 branches of the dungeon, and saw 18 of its levels.

You collected 1701 gold pieces.
You spent 96 gold pieces at shops.

Inventory:

Hand Weapons
 a - the +6 dagger of Armageddon {antimagic, rF+}
   (You found it on level 3 of the Dungeon)

   rF+:       It protects you from fire.
 b - the +5 shortbow "Veneleot" {heavy, Fly rElec}
   (You found it on level 9 of the Dungeon)

   rElec:     It insulates you from electricity.
   Fly:       It grants you flight.
 h - the +7 mace of a treasure trove {vamp, Dex+3}
   (You took it off a kobold brigand on level 8 of the Dungeon)

   Dex+3:     It affects your dexterity (+3).
 j - a +4 short sword of venom
 s - a +2 whip of electrocution
 u - a +0 short sword of protection
 B - a +3 trident of draining
 H - a +1 vampiric short sword
 N - a +1 dagger of flaming
 Q - a +1 scimitar of flaming (weapon)
Missiles
 q - 32 poisoned darts
 C - a throwing net (quivered)
Armour
 n - a +0 helmet (worn)
 p - a +0 cloak (worn)
 v - +1 steam dragon scales (worn)
 x - a +1 pair of boots (worn)
Jewellery
 P - a ring of magical power
Wands
 r - a wand of flame (20)
 t - a wand of acid (25)
 A - a wand of roots (5)
 I - a wand of mindburst (6)
 O - a wand of digging (4)
Scrolls
 d - 2 scrolls of torment
 e - 4 scrolls of teleportation
 i - 4 scrolls of fear
 k - 4 scrolls of noise
 o - 4 scrolls of enchant weapon
 y - a scroll of silence
 D - a scroll of fog
Potions
 c - 2 potions of lignification
 f - a potion of magic
 g - a potion of berserk rage
 l - 2 potions of heal wounds
 m - 4 potions of mutation
 w - 5 potions of curing
 z - 2 potions of invisibility
 E - a potion of might
 F - a potion of resistance
 G - 2 potions of attraction {unknown}
 J - a potion of brilliance {unknown}
 K - a potion of haste {unknown}
 L - a potion of ambrosia {unknown}
 M - a potion of enlightenment {unknown}


   Skills:
 + Level 12.6 Fighting
 + Level 11.8 Short Blades
 * Level 0.7(4.7) Long Blades
 - Level 2.5 Maces & Flails
 + Level 14.5 Ranged Weapons
 - Level 5.0 Armour
 + Level 17.4 Dodging
 - Level 18.0 Stealth
 + Level 9.9 Evocations


You had 14 spell levels left.
You didn't know any spells.
Your spell library was empty.

Dungeon Overview and Level Annotations

Branches:
Dungeon (12/15)            Temple (0/1) D:5            Lair (4/5) D:11
 Spider (0/4) Lair:2          Orc (2/2) D:11            Elf (0/3) Orc:2
  Swamp: Lair:2-3    Shoals: Lair:2-3     Slime: Lair:4-5

Altars:
Cheibriados
Fedhas
Makhleb
Nemelex Xobeh
Okawaru
Qazlal
Vehumet
Wu Jian
Yredelemnul

Shops:
D:11 (   Orc:1 !   Orc:2 *([:

Annotations:
Lair:2 3 runed translucent doors, DrFunkyFeet's ghost, novice TeRe


Innate Abilities, Weirdness & Mutations

You are small and have problems with some larger weapons.
You are completely attuned to the shadows.


Message History

You closely miss the orc high priest. The sixfirhy hits you!
The sixfirhy shocks you!
* * * LOW HITPOINT WARNING * * *
The orc warrior barely misses you.
You slash the orc high priest! You burn the orc high priest.
The orc high priest is moderately wounded.
The orc high priest barely misses you.
The soul eater draws from the surrounding life force!
* * * LOW HITPOINT WARNING * * *
The sixfirhy misses you. The orc warrior misses you.
Unknown command.
You slash the orc high priest! You burn the orc high priest.
Your punch misses the orc high priest.
The orc high priest is moderately wounded.
The sixfirhy closely misses you. The sixfirhy completely misses you.
The sixfirhy misses you.
The orc high priest hits you with a +0 flail.
* * * LOW HITPOINT WARNING * * *
The orc warrior completely misses you.
You barely miss the orc high priest.
The orc high priest is moderately wounded.
The sixfirhy misses you. The sixfirhy hits you!
* * * LOW HITPOINT WARNING * * *
The sixfirhy shocks you!
* * * LOW HITPOINT WARNING * * *
The sixfirhy closely misses you. The sixfirhy completely misses you.
The orc high priest closely misses you. The orc warrior completely misses you.
The sixfirhy misses you.
You slash the orc high priest! You burn the orc high priest.
The orc high priest is severely wounded.
The sixfirhy misses you. x2
The sixfirhy hits you but does no damage.
The orc high priest misses you. The soul eater misses you.
The orc warrior misses you.
You completely miss the orc high priest.
The orc high priest is severely wounded.
The sixfirhy closely misses you.
The sixfirhy hits you but does no damage.
The sixfirhy closely misses you. The soul eater hits you!
You die...

....o.8.. ............
.....P.P...#. #######
............####.....###
.......3o3.# #.........##
........@.####P.PP....P.#
........3..##........P..#
........o..##.P..8......#
............).....∩......
#..o.....#.....P.........
...o.....................
....<...........PP.....##
..............P.PP.....##
.......... ^........)....


You could see a soul eater (summoned), an orc high priest, 2 sixfirhies and an
orc warrior.

Vanquished Creatures
  Josephine (D:12)
  3 hydras (Lair:3)
  Erica (Orc:1)
  2 two-headed ogres
  A boulder beetle (D:11)
  2 orc high priests
  Urug (D:10)
  Lodul (D:12)
  2 necromancers (Orc:1)
  2 orc sorcerers (Orc:2)
  A manticore (D:12)
  8 elephants
  A kobold blastminer (Orc:2)
  2 black mambas (Lair:1)
  4 cane toads
  A gargoyle (D:10)
  Jeremiah (D:8)
  An unseen horror (D:11)
  A kobold demonologist (D:10)
  12 komodo dragons
  2 rime drakes (Lair:1)
  12 trolls
  Grinder (D:3)
  2 tyrant leeches (Lair:3)
  5 polar bears (Lair:1)
  13 blink frogs
  7 slime creatures (D:12)
  32 yaks
  5 wyverns
  A vampire (D:12)
  4 wargs (Orc:1)
  7 wraiths (D:12)
  2 basilisks
  3 steam dragons
  7 vampire mosquitoes (D:11)
  Edmund (D:5)
  2 swamp worms (Lair:3)
  2 acid dragons
  9 water moccasins
  13 orc warriors
  4 black bears
  A sky beast (D:8)
  15 wolves
  17 ogres
  A phantom (D:5)
  8 centaurs
  2 orc skeletons (Orc:1)
  4 kobold brigands
  A kobold zombie (Orc:1)
  A gnoll sergeant (D:9)
  12 bullfrogs
  8 scorpions
  13 wights (D:8)
  36 killer bees
  An electric eel (Lair:1)
  9 howler monkeys
  4 bombardier beetles
  A jelly (D:7)
  5 orc priests
  A hound (D:6)
  Crazy Yiuf (D:6)
  A cyclops simulacrum (Orc:1)
  A gnoll bouda (D:9)
  A sleepcap (D:6)
  16 iguanas
  19 orc wizards
  11 hell rats
  An ogre zombie (Orc:1)
  An ogre skeleton (Orc:1)
  10 gnolls
  10 adders
  2 white imps
  3 orc zombies (Orc:1)
  A dart slug (D:1)
  3 ribbon worms
  43 orcs
  4 ball pythons
  7 bats
  4 endoplasms
  7 giant cockroaches
  6 goblins
  12 hobgoblins
  3 jackals (D:1)
  23 kobolds
  6 quokkas
  18 frilled lizards
  8 rats
544 creatures vanquished.

Vanquished Creatures (collateral kills)
  An orc high priest (Orc:2)
  An orc sorcerer (Orc:2)
  An elephant (D:10)
  2 torpor snails (Lair:2)
  5 trolls
  4 yaks (Lair:2)
  9 orc warriors
  3 centaurs (D:10)
  A killer bee (D:10)
  An orc priest (Orc:1)
  A ribbon worm (Lair:2)
  4 orcs
  A giant cockroach (Lair:2)
34 creatures vanquished.

Grand Total: 578 creatures vanquished

Notes
Turn   | Place    | Note
-------+----------+-------------------------------------------
     0 | D:1      | dirge the Kobold Berserker began the quest for the Orb.
     0 | D:1      | Reached XP level 1. HP: 14/14 MP: 1/1
    90 | D:1      | Reached XP level 2. HP: 19/19 MP: 2/2
   354 | D:1      | Reached skill level 1 in Stealth
   390 | D:1      | Reached XP level 3. HP: 23/23 MP: 3/3
   482 | D:1      | Reached ** piety under Trog
  1065 | D:2      | Found a faded altar of an unknown god.
  1068 | D:2      | Reached XP level 4. HP: 28/28 MP: 4/4
  1097 | D:2      | Reached skill level 1 in Maces & Flails
  1444 | D:2      | Reached skill level 2 in Stealth
  1444 | D:2      | Reached XP level 5. HP: 26/33 MP: 5/5
  2119 | D:3      | Noticed Grinder
  2143 | D:3      | Killed Grinder
  2144 | D:3      | Reached skill level 5 in Short Blades
  2144 | D:3      | Reached skill level 1 in Ranged Weapons
  2144 | D:3      | Reached skill level 3 in Stealth
  2144 | D:3      | Reached XP level 6. HP: 28/38 MP: 6/6
  2177 | D:3      | Identified the +6 dagger of Armageddon {antimagic, rF+}
  2809 | D:4      | Reached XP level 7. HP: 43/43 MP: 2/7
  3071 | D:4      | Reached *** piety under Trog
  3189 | D:4      | Identified a scroll of acquirement
  3189 | D:4      | Acquired a manual of Stealth
  3222 | D:5      | Entered Level 5 of the Dungeon
  3598 | D:5      | Reached skill level 4 in Stealth
  3683 | D:5      | Reached skill level 5 in Stealth
  3698 | D:5      | Reached skill level 6 in Stealth
  3698 | D:5      | Reached XP level 8. HP: 48/48 MP: 2/8
  3851 | D:5      | Found an ornate altar of the Wu Jian Council.
  3871 | D:5      | Reached skill level 7 in Stealth
  3882 | D:5      | Reached skill level 5 in Fighting
  4597 | D:5      | Found a staircase to the Ecumenical Temple.
  4597 | D:5      | Noticed Edmund
  4601 | D:5      | Killed Edmund
  4602 | D:5      | Reached skill level 8 in Stealth
  5127 | D:6      | Reached skill level 5 in Dodging
  5138 | D:6      | Found a radiant altar of Vehumet.
  5138 | D:6      | Found a blossoming altar of Fedhas.
  5183 | D:6      | Reached XP level 9. HP: 45/54 MP: 3/9
  5306 | D:6      | Found a sparkling altar of Nemelex Xobeh.
  5315 | D:6      | Found an iron altar of Okawaru.
  5315 | D:6      | Found a burning altar of Makhleb.
  5315 | D:6      | Found a stormy altar of Qazlal.
  5316 | D:6      | Found a basalt altar of Yredelemnul.
  5486 | D:6      | Reached skill level 9 in Stealth
  5589 | D:6      | Found a runed translucent door.
  5592 | D:6      | Noticed Crazy Yiuf
  5597 | D:6      | Killed Crazy Yiuf
  6015 | D:7      | Reached skill level 10 in Stealth
  6483 | D:7      | Reached skill level 5 in Ranged Weapons
  6515 | D:7      | Found a snail-covered altar of Cheibriados.
  6925 | D:8      | Noticed a two-headed ogre
  6940 | D:7      | Reached skill level 11 in Stealth
  7065 | D:8      | Killed a two-headed ogre
  7066 | D:8      | Reached XP level 10. HP: 59/61 MP: 3/10
  7087 | D:8      | Reached skill level 12 in Stealth
  7163 | D:8      | Reached **** piety under Trog
  7453 | D:8      | Noticed Jeremiah
  7457 | D:8      | Killed Jeremiah
  7458 | D:8      | Reached skill level 10 in Short Blades
  7458 | D:8      | Reached skill level 10 in Dodging
  7515 | D:8      | Reached skill level 13 in Stealth
  7577 | D:8      | Identified the +7 mace of a treasure trove {vamp, Dex+3}
  8338 | D:9      | Reached XP level 11. HP: 67/67 MP: 3/11
  8811 | D:9      | Reached skill level 14 in Stealth
  8859 | D:9      | Identified the +5 shortbow "Veneleot" {heavy, Fly rElec}
  9205 | D:9      | Reached skill level 5 in Armour
  9253 | D:9      | Reached skill level 15 in Stealth
  9444 | D:10     | Entered Level 10 of the Dungeon
  9875 | D:10     | Reached skill level 16 in Stealth
 10104 | D:10     | Identified the +0 leather armour "Ocroghe" {rElec rN+
                  | Int+3}
 10150 | D:10     | Reached skill level 1 in Evocations
 10174 | D:10     | Reached ***** piety under Trog
 10181 | D:10     | Noticed a soul eater
 10488 | D:10     | Noticed a sun demon
 10682 | D:10     | Reached XP level 12. HP: 75/75 MP: 4/12
 11664 | D:11     | Found a staircase to the Lair.
 11777 | D:11     | Found a staircase to the Orcish Mines.
 12107 | D:11     | Noticed a boulder beetle
 12112 | D:11     | Killed a boulder beetle
 12113 | D:11     | Reached skill level 17 in Stealth
 12249 | D:11     | Found Xeim's Weapon Shop.
 12333 | Orc:1    | Entered Level 1 of the Orcish Mines
 12934 | Orc:1    | Reached skill level 10 in Ranged Weapons
 13545 | Orc:1    | Found Geiteode's Distillery.
 13611 | Orc:1    | Bought a potion of invisibility for 96 gold pieces
 13769 | Lair:1   | Entered Level 1 of the Lair of Beasts
 14748 | Lair:1   | Reached XP level 13. HP: 67/82 MP: 4/13
 15014 | Lair:1   | Reached skill level 10 in Fighting
 15219 | Lair:1   | Reached skill level 5 in Evocations
 15797 | Lair:1   | Reached skill level 15 in Dodging
 15847 | Lair:1   | Reached skill level 18 in Stealth
 16158 | Lair:2   | Noticed an ice dragon
 16440 | Lair:2   | Found a runed translucent gate.
 16775 | Lair:2   | Found a runed translucent gate.
 16776 | Lair:2   | Found a runed translucent gate.
 16909 | Lair:2   | Found a hole to the Spider Nest.
 18366 | Lair:2   | Noticed DrFunkyFeet's ghost (novice TeRe)
 19138 | Lair:3   | Noticed a five-headed hydra
 19142 | Lair:3   | Killed a five-headed hydra
 19380 | Lair:3   | Reached XP level 14. HP: 81/89 MP: 4/14
 21068 | D:12     | Noticed Josephine
 21086 | D:12     | Killed Josephine
 21534 | D:12     | Noticed Lodul
 21542 | D:12     | Killed Lodul
 22573 | D:10     | Noticed Urug
 22609 | D:10     | Killed Urug
 22930 | Orc:2    | Entered Level 2 of the Orcish Mines
 23176 | Orc:2    | Received a gift from Trog
 23846 | Orc:2    | Found Veocs's Antique Armour Emporium.
 23863 | Orc:2    | Found Jiocway's Book Boutique.
 23976 | Orc:2    | Noticed an orc warlord
 23977 | Orc:2    | Found Rodgh's General Store.
 24267 | Orc:1    | Noticed Erica
 24271 | Orc:1    | Killed Erica
 24297 | Orc:1    | Reached XP level 15. HP: 73/97 MP: 15/15
 24609 | Orc:2    | Found a staircase to the Elven Halls.
 24683 | Orc:2    | Found Rythruom's Antique Weapon Emporium.
 24729 | Orc:2    | Slain by a soul eater

Illustrated notes

Levels and vault maps discovered:
D:1:      spicycebolla_green_bress_n_ham, layout_loops_ring, minivault_27
D:2:      layout_basic, shapermc_ecumenical_altar_gd, grunt_ministairs_12,
          hangedman_decor_growths
D:3:      layout_basic, serial_corexii_hall, chequers_hall_statues_y,
          corexii_hall_statues_x, chequers_hall_statues_y, uniq_grinder
D:4:      layout_loops_ring
D:5:      layout_basic, temple_green, minmay_ruined_shrine, uniq_edmund
D:6:      layout_basic, minitemple, gammafunk_temple_overflow_pools,
          kennysheep_generic_room_12, uniq_crazy_yiuf_cottage
D:7:      layout_basic, slow_altar_1, dreamdust_princess_bridge
D:8:      layout_rooms, uniq_jeremiah
D:9:      layout_basic, hex_tiny, wad_dig_loot
D:10:     wad_woods_minihive, layout_basic, uniq_urug
D:11:     layout_roguey, due_lair_maze_entry_diamond, david_orc_3, serial_shops,
          shop
D:12:     layout_basic, uniq_lodul, uniq_josephine
Lair:1:   lemuel_reptile_caves, layout_gridlike, cheibrodos_lair_lostbears
Lair:2:   layout_cave_pods, nicolae_spider_entry_non_spiders,
          gammafunk_ghost_icy
Lair:3:   layout_cellular_growth, palyth_hydra_swamp_entry,
          chequers_serial_rivers_large_b, fungi_pond_lemuel, beast_lair_carwin_5
Lair:4:   layout_gridlike, chequers_serial_rivers_marsh
Orc:1:    dreamdust_under_siege, layout_diamond_mine, basic_altar, serial_shops,
          nicolae_shop_back_alley_shop, nicolae_orc_lava_tube, uniq_erica
Orc:2:    grunt_orc_gardens, layout_caves, grunt_orc_garden, grunt_orc_garden,
          grunt_orc_garden, grunt_orc_garden

Skill      XL: |  1  2  3  4  5  6  7  8  9 10 11 12 13 14 |
---------------+-------------------------------------------+-----
Stealth        | 1 2 3 6 8 11 13 16 17 18 | 18.0
Dodging        | 3 4 5 8 10 13 14 16 17 | 17.4
Maces & Flails | 1 2 |  2.5
Armour         | 2 3 4 5 |  5.0
Fighting       | 4 5 6 7 8 9 11 12 | 12.6
Short Blades   | 5 6 7 9 10 11 | 11.8
Ranged Weapons | 1 3 4 5 6 8 10 13 14 | 14.5
Evocations     | 2 4 7 9 |  9.9
Long Blades    | |  0.7

Action                     |  1- 3 |  4- 6 |  7- 9 | 10-12 | 13-15 || total
---------------------------+-------+-------+-------+-------+-------++-------
  Melee: Short sword       |    32 |     8 |       |    78 |   576 ||   694
         Punch             |     2 |       |       |    14 |    30 ||    46
         Whip              |    64 |    61 |       |       |       ||   125
         Dagger            |       |    11 |   218 |  1002 |   803 ||  2034
         Scimitar          |       |       |       |       |    51 ||    51
   Fire: Shortbow          |       |    11 |    19 |    68 |    74 ||   172
  Throw: Throwing net      |       |       |     1 |    14 |     9 ||    24
         Dart              |       |       |       |       |     1 ||     1
 Invoke: Trog's Hand       |       |     2 |     1 |     3 |     4 ||    10
         Berserk           |       |       |     3 |    13 |    15 ||    31
         Brothers in Arms  |       |       |       |     2 |     4 ||     6
  Evoke: Wand              |       |       |       |     5 |     6 ||    11
    Use: Scroll            |       |       |    20 |     7 |     3 ||    30
         Potion            |       |       |     1 |     2 |     2 ||     5
   Stab: Distracted        |     1 |       |       |     4 |     4 ||     9
         Sleeping          |     5 |    13 |    32 |    44 |    27 ||   121
         Held in net/web   |       |       |     2 |     6 |     6 ||    14
 Armour: Animal skin       |    38 |       |       |       |       ||    38
         Ring mail         |       |    34 |    43 |       |       ||    77
         Steam dragon scal |       |       |    33 |   269 |   483 ||   785
  Dodge: Dodged            |    75 |    46 |   119 |   757 |  1488 ||  2485
